 Dungeon Sprint DCSS version 0.31-a0-851-g7ff8af7976 (webtiles) character file.

Game seed: 6981383558401251182

6724 AiryTheDragon the Brawler (level 10, -9/83 HPs)
             Began as a Grey Draconian Shapeshifter on Oct 8, 2023.
             Was a Believer of Jiyva.
             Mangled by a hog (10 damage)
             ... in the Dungeon (Sprint I: "Red Sonja").
             The game lasted 00:21:03 (780 turns).

AiryTheDragon the Brawler (DrSh)                     Turns: 780, Time: 00:21:05

Health: -9/83      AC: 14    Str: 20    XL:     10   Next: 74%
Magic:  1/14       EV: 15    Int: 10    God:    Jiyva [**....]
Gold:   157        SH:  0    Dex: 12    Spells: 5/14 levels left

rFire   . .          .
                       - Unarmed
rCold   . . .        (shield currently unavailable)
rNeg    . . .        (body armour unavailable)
rPois   .            h - +2 hat
rElec   .            (no cloak)
rCorr   +            (no gloves)
SInv    .            (no boots)
Will    .....        (no amulet)
Stlth   +            (no ring)
HPRegen 1.29/turn    (no ring)
MPRegen 0.44/turn

%: no teleportation
@: confused, flux-form, glowing
A: glow, contaminating, AC +12, amphibious, unfitting armour, cold-blooded
a: Begin Untransformation, Renounce Religion


You were in the Dungeon.
You worshipped Jiyva.
Jiyva was pleased with you.
You were something dangerously unstable.
You visited 1 branch You collected 638 gold pieces.
You spent 481 gold pieces at shops.

Inventory:

Hand Weapons
 i - a +0 spectral scythe
 j - a +0 club
 k - a +2 dagger of draining
Missiles
 m - 4 curare-tipped darts
Armour
 h - a +2 hat (worn)
Jewellery
 d - a ring of positive energy
Talismans
 b - a beast talisman
 c - a flux talisman (active)
Wands
 n - a wand of mindburst (5)
Potions
 a - a potion of lignification
 f - 4 potions of curing
 g - 2 potions of magic
 l - a potion of heal wounds


   Skills:
 + Level 5.8 Fighting
 + Level 2.3 Throwing
 + Level 8.4 Dodging
 + Level 1.6 Stealth
 + Level 15.5 Unarmed Combat
 * Level 2.7 Spellcasting
 * Level 3.0 Fire Magic
 + Level 10.6 Evocations
 + Level 13.4 Shapeshifting


You had 5 spell levels left.
You knew the following spells:

 Your Spells              Type           Power      Damage    Failure   Level
a - Cause Fear            Hex            0%         N/A       96%         4
b - Fireball              Conj/Fire      2%         3d4       99%         5

Your spell library contained the following spells:

 Spells                   Type           Power      Damage    Failure   Level
 Dragon's Call            Summ           0%         N/A       100%        9


Dungeon Overview and Level Annotations

Branches:
Dungeon (1/1)

Altars:
Cheibriados
Dithmenos
Elyvilon
Fedhas
Gozag
Hepliaklqana
Kikubaaqudgha
Makhleb
Nemelex Xobeh
Okawaru
Qazlal
Ru
Sif Muna
Trog
Uskayaw
Vehumet
Wu Jian
Xom
Yredelemnul
Zin
The Shining One
Jiyva
Lugonu

Shops:
D ([*(!**?=!((*??


Innate Abilities, Weirdness & Mutations

You are something dangerously unstable.
You glow with magical radiation, making you easy to see and hit.
Foes you strike become dangerously contaminated with magical radiation.
You are incapable of wielding weapons or throwing items.
Your dull iron-grey scales are very hard. (AC +12)
You are amphibious.
You cannot fit into any form of body armour.
You are cold-blooded and may be slowed by cold attacks.


Message History

The 12-headed hydra bites you but does no damage.
The 12-headed hydra barely misses you. The 12-headed hydra misses you.
The 12-headed hydra bites you. x2; The 12-headed hydra barely misses you.
Your Spellcasting skill increases to level 2!
Your Fire Magic skill increases to level 3!
You bump into the stone wall.
You are engulfed in noxious fumes.
You choke on the stench!
You are more confused.
The hog is engulfed in noxious fumes. x2; The hog bites you.
Something bites the hog.
The 12-headed hydra bites you.
* * * LOW HITPOINT WARNING * * *
The 12-headed hydra barely misses you. x2; The 12-headed hydra bites you.
* * * LOW HITPOINT WARNING * * *
The 12-headed hydra misses you. The 12-headed hydra bites you.
* * * LOW HITPOINT WARNING * * *
The 12-headed hydra barely misses you. The 12-headed hydra bites you.
* * * LOW HITPOINT WARNING * * *
The 12-headed hydra bites you but does no damage.
The 12-headed hydra misses you. The 12-headed hydra barely misses you.
The 12-headed hydra bites you but does no damage.
You feel much better.
You are engulfed in noxious fumes.
The hog is engulfed in noxious fumes.
The hog bites the 12-headed hydra!
The hog is engulfed in noxious fumes.
The hog appears confused.
The hog is engulfed in noxious fumes.
The hog appears confused.
The hog completely misses the hog.
The 12-headed hydra bites you!
* * * LOW HITPOINT WARNING * * *
The 12-headed hydra closely misses you. The 12-headed hydra bites you.
* * * LOW HITPOINT WARNING * * *
The 12-headed hydra bites you but does no damage.
The 12-headed hydra bites you.
* * * LOW HITPOINT WARNING * * *
The 12-headed hydra bites you.
* * * LOW HITPOINT WARNING * * *
The 12-headed hydra bites you but does no damage.
The 12-headed hydra barely misses you. The 12-headed hydra misses you. x2
The 12-headed hydra bites you.
* * * LOW HITPOINT WARNING * * *
The 12-headed hydra bites you but does no damage.
The hog bites you!
You die...

#########################
#__#......#..#.§§§§h.h§.§
'.....#...##§#§####hDhhD#
#__####...).§#h#?###hhh##
####§§#####.§hh#'#.###+
#§~§..#..##'####.°.#y#
'§§§§.'§§#.....#°..###
#~§~..#..#...°.Dph.○°#
##.#####.###°hh#....°#
#.... #.'.#°.°###''##
##§### ###.#○.## .## .§§
#§#.°# . ##########.##+#
.# #.......##§# .
#.......†§.# .°
#...######§#


You could see a 12-headed hydra, 3 hogs and a meliai.

Vanquished Creatures
  A lorocyproca (D)
  A centaur warrior (D)
  3 demonic crawlers (D)
  Sonja (D)
  A lindwurm (D)
  An oklob plant (D)
  A gargoyle (D)
  2 unseen horrors (D)
  A hornet (D)
  A slime creature (D)
  Sigmund (D)
  2 hogs (D)
  A yak (D)
  2 redbacks (D)
  An ogre (D)
  3 necrophages (D)
  Ijyb (D)
24 creatures vanquished.

Vanquished Creatures (others)
  A centaur warrior (D)
  7 shining eyes (D)
  A merfolk siren (D)
  3 hornets (D)
  5 floating eyes (D)
  4 necrophages (D)
  22 jellies (D)
  2 ballistomycete spores (D)
45 creatures vanquished.

Grand Total: 69 creatures vanquished

Notes
Turn   | Place    | Note
-------+----------+-------------------------------------------
     0 | D        | AiryTheDragon the Draconian Shapeshifter began the quest
                  | for the Orb.
     0 | D        | Reached XP level 1. HP: 16/16 MP: 1/1
     2 | D        | Noticed Ijyb
     4 | D        | Killed Ijyb
     5 | D        | Reached skill level 4 in Unarmed Combat
     5 | D        | Reached XP level 2. HP: 23/23 MP: 2/2
    34 | D        | Noticed an ogre
    42 | D        | Killed an ogre
    43 | D        | Reached skill level 5 in Unarmed Combat
    43 | D        | Reached XP level 3. HP: 28/28 MP: 3/3
    43 | D        | Reached XP level 4. HP: 35/35 MP: 4/4
    63 | D        | Noticed Sigmund
    68 | D        | Killed Sigmund
    69 | D        | Reached skill level 7 in Unarmed Combat
    69 | D        | Reached XP level 5. HP: 41/41 MP: 5/5
    81 | D        | Found a burning altar of Makhleb.
    81 | D        | Found a viscous altar of Jiyva.
    81 | D        | Found a shimmering altar of Xom.
    81 | D        | Found a corrupted altar of Lugonu.
    81 | D        | Noticed a slime creature
    89 | D        | Killed a slime creature
    90 | D        | Reached skill level 8 in Unarmed Combat
    90 | D        | Reached skill level 5 in Evocations
    90 | D        | Reached XP level 6. HP: 35/48 MP: 6/6
    92 | D        | Became a worshipper of Jiyva Jobimug the Shapeless
    94 | D        | Found an ornate altar of the Wu Jian Council.
    94 | D        | Found a shimmering blue altar of Sif Muna.
    96 | D        | Found a radiant altar of Vehumet.
   113 | D        | Found Oleofede's Antique Weapon Emporium.
   113 | D        | Found an ancient bone altar of Kikubaaqudgha.
   113 | D        | Found a hazy altar of Hepliaklqana.
   113 | D        | Found a hide-covered altar of Uskayaw.
   113 | D        | Found a basalt altar of Yredelemnul.
   113 | D        | Found an opulent altar of Gozag.
   113 | D        | Found a snail-covered altar of Cheibriados.
   113 | D        | Found a sacrificial altar of Ru.
   113 | D        | Found a shadowy altar of Dithmenos.
   113 | D        | Noticed a yak
   117 | D        | Killed a yak
   118 | D        | Reached skill level 9 in Unarmed Combat
   118 | D        | Your scales start taking on a dull iron-grey colour.
   118 | D        | Reached XP level 7. HP: 37/55 MP: 7/7
   118 | D        | Found a stormy altar of Qazlal.
   118 | D        | Found a blossoming altar of Fedhas.
   118 | D        | Found a bloodstained altar of Trog.
   118 | D        | Found an iron altar of Okawaru.
   118 | D        | Found a glowing golden altar of the Shining One.
   118 | D        | Found a glowing silver altar of Zin.
   118 | D        | Found a white marble altar of Elyvilon.
   119 | D        | Found a sparkling altar of Nemelex Xobeh.
   189 | D        | Noticed a centaur warrior
   189 | D        | Noticed a centaur warrior
   201 | D        | Killed a centaur warrior
   202 | D        | Reached skill level 5 in Dodging
   202 | D        | Reached skill level 10 in Unarmed Combat
   202 | D        | Reached skill level 10 in Shapeshifting
   202 | D        | Reached XP level 8. HP: 33/62 MP: 8/8
   207 | D        | Noticed a hornet
   218 | D        | HP: 3/62 [centaur warrior (1)]
   224 | D        | Killed a centaur warrior
   225 | D        | Reached skill level 11 in Unarmed Combat
   232 | D        | Killed a hornet
   369 | D        | Killed a merfolk siren
   381 | D        | Noticed a shining eye
   392 | D        | Noticed an oklob plant
   397 | D        | Killed an oklob plant
   486 | D        | Killed a hornet
   490 | D        | Reached skill level 12 in Unarmed Combat
   490 | D        | Reached XP level 9. HP: 52/70 MP: 9/9
   508 | D        | Killed a shining eye
   510 | D        | Killed a shining eye
   513 | D        | Killed a shining eye
   514 | D        | Noticed a demonic crawler
   523 | D        | Killed a shining eye
   529 | D        | Reached * piety under Jiyva
   533 | D        | Killed a shining eye
   542 | D        | Noticed an unseen horror
   544 | D        | Killed an unseen horror
   549 | D        | Noticed an unseen horror
   552 | D        | Killed an unseen horror
   576 | D        | Reached skill level 13 in Unarmed Combat
   580 | D        | Found Sumes's General Store.
   581 | D        | Found Irobb's General Store.
   581 | D        | Found Cikhis's Antique Armour Shop.
   581 | D        | Found Morixku's Magic Scroll Emporium.
   582 | D        | Found Pehoch's Magic Scroll Emporium.
   584 | D        | Found Dyffout's Weapon Boutique.
   587 | D        | Found Kadeluph's Distillery.
   587 | D        | Found Haizuysm's General Store.
   587 | D        | Found Ijeyre's Assorted Antiques.
   587 | D        | Found Wuba's Magic Scroll Boutique.
   587 | D        | Found Erruguh's Jewellery Emporium.
   587 | D        | Found Onucum's Distillery.
   587 | D        | Found Fett's Antique Weapon Shoppe.
   588 | D        | Bought a scroll of fear for 40 gold pieces
   588 | D        | Bought a potion of curing for 30 gold pieces
   591 | D        | Bought a glowing hat for 112 gold pieces
   597 | D        | Found Beimuyhu's Weapon Boutique.
   598 | D        | Bought a potion of curing for 39 gold pieces
   598 | D        | Bought a potion of curing for 39 gold pieces
   598 | D        | Bought a potion of curing for 39 gold pieces
   598 | D        | Bought a potion of might for 52 gold pieces
   598 | D        | Bought a potion of heal wounds for 65 gold pieces
   598 | D        | Bought a potion of heal wounds for 65 gold pieces
   609 | D        | Killed a shining eye
   622 | D        | Noticed Sonja
   626 | D        | Noticed a demonic crawler
   630 | D        | Killed Sonja
   637 | D        | Killed a demonic crawler
   638 | D        | Reached skill level 1 in Stealth
   638 | D        | Reached skill level 14 in Unarmed Combat
   639 | D        | Noticed a demonic crawler
   642 | D        | Killed a demonic crawler
   643 | D        | Reached skill level 5 in Fighting
   643 | D        | Reached skill level 10 in Evocations
   643 | D        | Reached XP level 10. HP: 50/81 MP: 10/10
   643 | D        | Noticed a demonic crawler
   645 | D        | Killed a demonic crawler
   646 | D        | Reached skill level 1 in Throwing
   650 | D        | Killed a shining eye
   661 | D        | Noticed a gargoyle
   666 | D        | Killed a gargoyle
   681 | D        | Learned a level 4 spell: Cause Fear
   687 | D        | Learned a level 5 spell: Fireball
   691 | D        | Reached ** piety under Jiyva
   696 | D        | Noticed a lindwurm
   702 | D        | Killed a lindwurm
   703 | D        | Reached skill level 15 in Unarmed Combat
   703 | D        | Reached skill level 1 in Spellcasting
   703 | D        | Reached skill level 1 in Fire Magic
   747 | D        | Noticed a 12-headed hydra
   770 | D        | Noticed a lorocyproca
   778 | D        | Killed a lorocyproca
   780 | D        | HP: 1/83 [12-headed hydra (6)]
   780 | D        | Mangled by a hog

Illustrated notes

Levels and vault maps discovered:
D:        dungeon_sprint_1 [red_sonja_temple_1, red_sonja_temple_small_1]

Skill      XL: |  1  2  3  4  5  6  7  8  9 10 |
---------------+-------------------------------+-----
Dodging        | 2 3 4 5 6 7 8 |  8.4
Unarmed Combat | 4 5 7 8 9 10 12 14 15 | 15.5
Shapeshifting  | 4 6 8 9 10 12 13 | 13.4
Evocations     | 2 4 5 6 7 8 10 | 10.6
Fighting       | 2 3 5 |  5.8
Stealth        | 1 |  1.6
Throwing       | 2 |  2.3
Spellcasting   | 2 |  2.7
Fire Magic     | 3 |  3.0

Action                     |  1- 3 |  4- 6 |  7- 9 | 10-12 || total
---------------------------+-------+-------+-------+-------++-------
  Melee: Unarmed           |     1 |    14 |    69 |    31 ||   115
         Tailslap          |     1 |     1 |    11 |     8 ||    21
  Evoke: Wand              |     5 |     1 |     7 |     5 ||    18
    Use: Potion            |     1 |       |     4 |     1 ||     6
         Scroll            |     1 |       |     2 |     1 ||     4
 Armour: Skin              |       |     5 |    69 |    43 ||   117
  Dodge: Dodged            |     1 |     5 |    34 |    28 ||    68
   Form: Flux              |       |     1 |       |       ||     1

Table legend: (Time is in decaauts)
 A = Elapsed time spent in this place.
 B = Non-inter-level travel time spent in this place.
 C = Inter-level travel time spent in this place.
 D = Time resting spent in this place.
 E = Time spent auto-exploring this place.
 F = Levels seen in this place.
 G = Mean time per level.
                   A        B        C        D        E       F      G
               +--------+--------+--------+--------+--------+-----+--------+
         Total |    743 |    743 |      0 |    369 |      0 |   1 |  743.0 |
       Dungeon |    743 |    743 |      0 |    369 |      0 |   1 |  743.0 |
               +--------+--------+--------+--------+--------+-----+--------+

Top non-repeatable levels by time:
       D: 743 daAuts
